 Dungeon Crawl Stone Soup version 0.21-a0-578-gc6e9d75 (webtiles) character file.

6727 Serpenta the Thaumaturge (level 10, -1/63 HPs)
             Began as a Mummy Fire Elementalist on Dec 18, 2017.
             Was a Follower of Ashenzari.
             Slain by a two-headed ogre
             ... wielding a +0 giant club
              (36 damage)
             ... on level 7 of the Dungeon.
             The game lasted 00:31:26 (11592 turns).

Serpenta the Thaumaturge (Mummy Fire Elementalist) Turns: 11592, Time: 00:31:26

Health: -1/63      AC:  3    Str: 11    XL:     10   Next: 75%
Magic:  21/27      EV: 12    Int: 18    God:    Ashenzari [*.....]
Gold:   375        SH:  0    Dex: 13    Spells: 23/36 levels left

rFire    . . .     SeeInvis .   e - +2 mace (drain) (curse)
rCold    . . .     Gourm    .   (no shield)
rNeg     + + +     Faith    .   a - +1 robe
rPois    ∞         Spirit   .   l - +0 hat
rElec    .         Reflect  .   t - scarf {repulsion}
rCorr    .         Harm     .   (no gloves)
MR       ++...                  (no boots)
Stlth    ++........             (no amulet)
HPRegen  0.20/turn              f - ring of fire
MPRegen  0.20/turn              i - ring of protection from magic

@: repel missiles
A: no food or potions, fire vulnerability, cold resistance 1, negative energy
resistance 3, torment resistance, unbreathing
a: Curse Item, Scrying, Renounce Religion


You were on level 7 of the Dungeon.
You worshipped Ashenzari.
Ashenzari was aware of your devotion.
You were not hungry.

You visited 2 branches of the dungeon, and saw 10 of its levels.

You collected 375 gold pieces.


Innate Abilities, Weirdness & Mutations

You do not eat or drink.
Your flesh is vulnerable to fire.
You are immune to poison.
Your flesh is cold resistant. (rC+)
You are immune to negative energy. (rN+++)
You are immune to unholy pain and torment.
You can survive without breathing.


   Skills:
 - Level 1.5 Dodging
 - Level 1.5 Stealth
 + Level 13.7 Spellcasting
 - Level 6.8 Conjurations
 - Level 7.3 Fire Magic


You had 23 spell levels left.
You knew the following spells:

 Your Spells              Type           Power        Failure   Level  Hunger
A - Flame Tongue          Conj/Fire      #####        1%          1    N/A
B - Conjure Flame         Conj/Fire      ######..     1%          3    N/A
C - Sticky Flame          Conj/Fire      ######..     3%          4    N/A
D - Fireball              Conj/Fire      ######....   9%          5    N/A

Action                   |  1- 3 |  4- 6 |  7- 9 | 10-12 || total
-------------------------+-------+-------+-------+-------++-------
Melee: Short sword       |     2 |       |       |       ||     2
       Mace              |       |     5 |    13 |    60 ||    78
 Cast: Flame Tongue      |    89 |   125 |    94 |   105 ||   413
       Conjure Flame     |       |     3 |     5 |     6 ||    14
       Sticky Flame      |       |     1 |    21 |    33 ||    55
       Fireball          |       |       |     1 |     9 ||    10
Invok: Curse Item        |       |     1 |       |       ||     1
Evoke: Wand              |       |     1 |     2 |     5 ||     8
  Use: Scroll            |     3 |     5 |     1 |     4 ||    13
Armor: Robe              |     7 |     7 |    24 |     9 ||    47
Dodge: Dodged            |    17 |    28 |    53 |    41 ||   139
       Deflected         |       |       |       |     2 ||     2

Inventory:

Hand Weapons
 e - a cursed +2 mace of draining (weapon)
Armour
 a - a +1 robe (worn)
 l - a +0 hat (worn)
 q - a +0 cloak
 t - a scarf of repulsion (worn)
Jewellery
 d - an uncursed amulet of guardian spirit
 f - a ring of fire (left hand)
 i - a ring of protection from magic (right hand)
 j - an uncursed ring of see invisible
 n - an uncursed ring of protection from fire
Wands
 m - a wand of iceblast (5)
 p - a wand of acid (21)
Scrolls
 c - 4 scrolls of magic mapping
 h - 10 scrolls of identify
 k - a scroll of enchant armour
 o - 3 scrolls of remove curse
Books
 b - a book of Flames

   Spells                             Type                      Level
   a - Flame Tongue                   Conjuration/Fire             1
   b - Throw Flame                    Conjuration/Fire             2
   c - Conjure Flame                  Conjuration/Fire             3
   d - Inner Flame                    Hexes/Fire                   3
   e - Sticky Flame                   Conjuration/Fire             4
   f - Fireball                       Conjuration/Fire             5
Miscellaneous
 s - a phial of floods

.....######## #.......#
.....#..#%%# #.......#
.....#..#.%# ##.......#
.....#..'..# ##........#
.....#..#..# #.........#
...###..#÷)# #.#.......# .###
#####÷## ##.#.......# .#
###..#...#######..........#
####....##.#...n@O...#########
##..##.##...#####.###
##.........### #.!#
...####.#### #<## ##.###..#
#.# #..#...## #.# #.##.###
##.# #.#..# ####..# ##########
....## #....## #........#


You could see a two-headed ogre (inner flame) and a necrophage (inner flame).

Vanquished Creatures
  2 two-headed ogres
  A wizard (D:8)
  A troll (D:9)
  A wyvern (D:9)
  2 yaks (D:7)
  2 hogs (D:7)
  A human (D:7)
  Duvessa (D:5)
  A porcupine (D:9)
  An orc warrior (D:7)
  A black bear (D:9)
  An ice beast (D:6)
  5 ogres (D:7)
  3 centaurs
  3 big kobolds
  5 bullfrogs
  2 gnoll sergeants (D:9)
  A water moccasin zombie (D:9)
  Dowan (D:5)
  A scorpion (D:9)
  6 killer bees
  3 wights (D:9)
  A howler monkey (D:9)
  3 crimson imps
  A quasit (D:7)
  A bullfrog zombie (D:9)
  A jelly (D:9)
  3 hounds
  6 orc priests
  5 gnoll shamans (D:7)
  An iguana (D:9)
  2 bullfrog skeletons
  9 worker ants
  9 orc wizards
  A killer bee zombie (D:6)
  A hound zombie (D:9)
  A hound skeleton (D:4)
  A worker ant zombie (D:8)
  14 gnolls
  7 adders
  A shadow imp (D:7)
  4 oozes
  3 adder skeletons
  7 worms
  6 dart slugs
  4 leopard geckos
  19 orcs
  A ball python (D:4)
  2 giant cockroaches (D:2)
  8 goblins
  4 hobgoblins
  4 jackals
  12 kobolds
  3 quokkas
  7 bats
  5 frilled lizards
  A jackal skeleton (D:6)
  A leopard gecko skeleton (D:6)
  6 rats
  A plant (D:7)
211 creatures vanquished.

Vanquished Creatures (others)
  A bat (D:3)
  7 fungi
  3 plants (D:7)
11 creatures vanquished.

Grand Total: 222 creatures vanquished

Vault maps used:
D:1:      ncdulo_smallfort
D:2:      gammafunk_temple_overflow_pools, hangedman_ru_absence
D:3:      grunt_temple_overflow_order_and_chaos_1
D:4:      gammafunk_temple_overflow_forgotten,
          minmay_temple_entry_enclosed_plants, first_ration, hex_medium,
          nemelex_dance_club_becter
D:5:      uniq_duvessa
D:6:      kennysheep_mini, lightli_corner_chamber
D:7:      kennysheep_seaside_town, grunt_livestock
D:8:      minmay_curly_fans, grunt_qazlal_clouds, serial_shops,
          kennysheep_little_box, nicolae_shop_trees, shop, shop, basic_altar,
          xom_shifter_show
D:9:      grunt_lair_entry_orc_guard_hut
Temple:   oiseaux_autumnal_temple


Message History

The two-headed ogre closely misses you. The necrophage closely misses you.
You climb upwards.
There is a stone staircase leading down here.
Okay, then.
Evoke which item? (* to show all) (? for menu, Esc to quit)
Okay, then.
As you read the scroll labeled KUASCH PAQORGH, it crumbles to dust.
It is a scroll of amnesia.
Forget which spell ([?*] list [ESC] exit)?
Forget which spell ([?*] list [ESC] exit)?
Okay, then.
The necrophage hits you but does no damage.
The two-headed ogre hits you with a giant club.
The two-headed ogre barely misses you.
As you read the scroll labeled ORPHEM FATROMPA, it crumbles to dust.
The creatures around you are filled with an inner flame!
It was a scroll of immolation.
The necrophage hits you.
You feel terrible.
The two-headed ogre hits you with a giant club!!!
Ouch! That really hurt!
You die...

Notes
Turn   | Place    | Note
-------+----------+-------------------------------------------
     0 | D:1      | Serpenta the Mummy Fire Elementalist began the quest for the Orb.
     0 | D:1      | Reached XP level 1. HP: 13/13 MP: 4/4
   316 | D:1      | Reached skill level 1 in Conjurations
   364 | D:1      | Reached skill level 3 in Spellcasting
   411 | D:1      | Reached XP level 2. HP: 19/19 MP: 4/6
   574 | D:1      | nice
  1106 | D:1      | Reached XP level 3. HP: 24/24 MP: 5/7
  1338 | D:2      | Found a sacrificial altar of Ru.
  1338 | D:2      | Found a hide-covered altar of Uskayaw.
  1609 | D:2      | Found a sacrificial altar of Ru.
  1660 | D:2      | Learned a level 3 spell: Conjure Flame
  2150 | D:2      | Reached XP level 4. HP: 24/30 MP: 2/9
  2211 | D:2      | Learned a level 4 spell: Sticky Flame
  2354 | D:3      | Noticed an angel
  2617 | D:3      | Reached XP level 5. HP: 16/35 MP: 1/10
  2835 | D:3      | Found a glowing silver altar of Zin.
  2840 | D:3      | Found a shimmering altar of Xom.
  3369 | D:4      | Found a burning altar of Makhleb.
  3369 | D:4      | Found a white marble altar of Elyvilon.
  3371 | D:4      | Found a hazy altar of Hepliaklqana.
  3386 | D:4      | Noticed a two-headed ogre
  3468 | D:4      | Noticed a phantom
  3546 | D:4      | Found a staircase to the Ecumenical Temple.
  3552 | Temple   | Entered the Ecumenical Temple
  3570 | Temple   | Became a worshipper of Ashenzari the Shackled
  3745 | D:4      | Reached XP level 6. HP: 41/41 MP: 7/11
  3790 | D:4      | Found a sparkling altar of Nemelex Xobeh.
  3911 | D:4      | Identified the +9 mace of Pollooraru {holy, rN++} (You took it off an orc on level 4 of the Dungeon)
  4194 | D:5      | Entered Level 5 of the Dungeon
  4628 | D:5      | Noticed Duvessa
  4724 | D:5      | Reached XP level 7. HP: 46/46 MP: 4/12
  4786 | D:5      | Learned a level 5 spell: Fireball
  4895 | D:5      | Noticed a two-headed ogre
  5168 | D:5      | Reached skill level 5 in Fire Magic
  5340 | D:5      | Killed Duvessa
  5461 | D:5      | Noticed Dowan
  5506 | D:5      | Killed Dowan
  5741 | D:5      | Reached skill level 5 in Conjurations
  6009 | D:5      | Killed a two-headed ogre
  6009 | D:5      | Reached XP level 8. HP: 52/52 MP: 2/13
  6402 | D:6      | Reached * piety under Ashenzari
  6733 | D:6      | Found a blossoming altar of Fedhas.
  7375 | D:7      | You fall through a shaft for 2 floors!
  7511 | D:8      | Reached XP level 9. HP: 57/57 MP: 8/14
  7610 | D:8      | Noticed a two-headed ogre
  7624 | D:8      | Killed a two-headed ogre
  7624 | D:8      | Reached skill level 7 in Spellcasting
  7821 | D:8      | Noticed a wizard
  7837 | D:8      | Killed a wizard
  7837 | D:8      | Reached skill level 9 in Spellcasting
  7986 | D:8      | Noticed a two-headed ogre
  8158 | D:9      | Reached skill level 10 in Spellcasting
  8539 | D:9      | Noticed a troll
  8548 | D:9      | Killed a troll
  8660 | D:9      | Reached XP level 10. HP: 54/63 MP: 17/24
  8872 | D:9      | Reached skill level 11 in Spellcasting
  9686 | D:8      | Found Anomem's Food Shop.
  9686 | D:8      | Found Geloq's Gadget Boutique.
  9934 | D:7      | Reached skill level 12 in Spellcasting
 10247 | D:7      | Reached ** piety under Ashenzari
 11060 | D:7      | Reached skill level 13 in Spellcasting
 11592 | D:7      | Slain by a two-headed ogre
